Match 46810963
Unlisted

Match 46810963
End
Kradschützen Motorcycle Team
Panzergrenadier Squad
Panzergrenadier Squad
Construct Light Support Kompanie
Construct Mechanized Kompanie
Panzergrenadier Squad
8 Rad Armored Car
Panzergrenadier Squad
2.5-tonne Medical Truck
Panzerjäger Mechanized Group
Construct Panzerarmee Kommand
Walking Stuka Rocket Launcher
Walking Stuka Rocket Launcher
CPU - Very Easy
Barbarossa
FLOKL
Tatari◑。
ramiraiise
yellow291244
0
0

Comments sign in to comment!

No comments posted yet!